[Event "*** SCC Grand Prix: Titled Tuesday Blitz"]
[Site "Chess.com"]
[Date "2020.08.25"]
[Round "1"]
[White "Sacbutt"]
[Black "szachuspl"]
[Result "1/2-1/2"]
[WhiteElo "2200"]
[BlackElo "2517"]
[TimeControl "180+1"]
[EndTime "10:09:02 PDT"]
[Termination "Game drawn by stalemate"]

1. d4 Nf6 2. c4 g6 3. Nc3 Bg7 4. Nf3 O-O 5. Bg5 h6 6. Bh4 d6 7.
e3 c5 8. Be2 Nc6 9. d5 Na5 10.
O-O Bf5 11. Nd2 g5 12. Bg3 Nd7 13. e4 Bg6 14. h4 a6 15. hxg5 hxg5 16. Qc2 Rb8 17.
a4 Qb6 18. Rab1 Ne5 19. Bxe5 Bxe5 20. Bd3 Kg7 21. g3 Rh8 22. Kg2 Qb4 23. f4 Bf6 24. e5 dxe5 25. f5 Bh5 26. Nce4 b5 27. axb5 axb5 28.
cxb5 c4 29. Nxc4 Nxc4 30. Qxc4 Qa5 31. b4 Qb6 32. Nc5 e4 33. Bxe4 Qxb5 34. Qxb5 Rxb5 35.
Bd3 Rb6 36. b5 Rd8 37. Bc4 Bg4 38. Na4 Rbb8 39. b6 Rdc8 40. Bd3 Be5 41. Rfc1 Rd8 42. Be4 Bd6 43. Nc5 Rh8 44. b7 Bh3+ 45. Kf2 Bg4 46. Nd7 Rh2+ 47. Kg1 Re2 48. Nxb8 Bxb8 49. Rc8 Ba7+ 50.
Kf1 Rxe4 51. b8=Q Bxb8 52. Rbxb8 Bxf5 53. Rg8+ Kf6 54. Rb6+ Ke5 55. Rxg5 f6 56. Rh5 Rg4 57. Kf2 Rd4 58. Re6+ Kxd5 59. Rxe7 Kd6 60. Rxf5 Kxe7 61. Rf4 Rd2+ 62. Kf3 Ra2 63. Kg4 Ke6 64. Re4+ Kf7 65. Rf4 Ra5 66. Kf3 Kg6 67. Kg4 f5+ 68. Kf3 Kg5 69.
Rd4 Ra3+ 70. Kg2 Rc3 71. Rf4 Rc2+ 72. Rf2 Rc4 73. Rf4 Rxf4 74. gxf4+ Kg4 75. Kf1 Kf3 76.
Ke1 Kxf4 77. Kf2 Ke4 78. Ke2 f4 79. Kf2 f3 80. Kf1 Kf5 81. Kf2 Kg4 82. Kf1 Kg3 83. Kg1 f2+ 84. Kf1 Kf3 1/2-1/2

[Event "*** SCC Grand Prix: Titled Tuesday Blitz"]
[Site "Chess.com"]
[Date "2020.08.25"]
[Round "1"]
[White "KonstantinB_1983"]
[Black "x-0414717230"]
[Result "0-1"]
[WhiteElo "2387"]
[BlackElo "2735"]
[TimeControl "180+1"]
[EndTime "10:09:03 PDT"]
[Termination "x-0414717230 won on time"]

1. d4 Nf6 2. c4 g6 3. Nc3 Bg7 4. e4 d6 5. Nge2 O-O 6. Ng3 c5 7. d5 e6 8. Be2 exd5 9. cxd5 Na6 10. O-O Nc7 11. a4 b6 12. Re1 a6 13. Bf4 Re8 14.
Qd2 Rb8 15. Bh6 Bh8 16. f3 b5 17. Bf1 b4 18. Nb1 a5 19. Rc1 Nd7 20. Bg5 Bf6 21. Bxf6 Qxf6 22. Qc2 h5 23. Ne2 h4 24. h3 Ne5 25. Nd2 Ba6 26. b3 g5 27. Kh1 Re7 28. Ng1 Bxf1 29. Rxf1 Ne8 30. Ne2 Ng6 31. Rae1 Ng7 32.
Nc4 Nh5 33. Nxa5 Ree8 34. Nc6 Ra8 35. Kg1 Kh7 36. Qd2 Kh6 37. Ra1 Ngf4 38. Rfd1 Nxe2+ 39. Qxe2 Nf4 40. Qf2 Qc3 41. Rab1 f5 42. e5 Nd3 43. Qe3 Nxe5 44. Qxc3 bxc3 45. Rbc1 c4 46. Rxc3 cxb3 47. Rxb3 Rxa4 48. Rb4 Rxb4 49. Nxb4 Rc8 50. Ra1 Rc4 51. Na6 Rd4 52. Nc7 Nc4 53. Ra6 Kg6 54. Ne6 Rd2 55.
Kf1 Rxd5 56. Rc6 Ne3+ 57. Kf2 f4 58. Nd8 Kf5 59. Nb7 Rd2+ 60. Ke1 Rxg2 61. Rxd6 Ke5 62. Rg6 Rg3 63. Nc5 Kf5 64. Rg8 Rxf3 65. Ke2 Rxh3 66.
Rf8+ Kg4 67. Rg8 Rh2+ 68. Kd3 Nf5 69. Ne4 Ng3 70. Nf6+ Kf3 71. Nd5 Re2 72. Rf8 h3 73.
Rf7 Rd2+ 74. Kxd2 h2 75. Rh7 h1=Q 76. Rxh1 Nxh1 77. Nf6 g4 78. Ke1 g3 79. Kf1 Nf2 80. Kg1 Nh3+ 0-1

[Event "*** SCC Grand Prix: Titled Tuesday Blitz"]
[Site "Chess.com"]
[Date "2020.08.25"]
[Round "1"]
[White "serena-maria"]
[Black "David_Klein"]
[Result "0-1"]
[WhiteElo "2274"]
[BlackElo "2608"]
[TimeControl "180+1"]
[EndTime "10:09:13 PDT"]
[Termination "David_Klein won on time"]

1. Nf3 Nf6 2. g3 d5 3. Bg2 e6 4. O-O Be7 5. c4 O-O 6. d4 dxc4 7. Qa4 a6 8. Qxc4 b5 9. Qc2 Bb7 10. Bd2 Be4 11. Qc1 Nbd7 12. Ba5 Bd6 13. Nc3 Bb7 14. Rd1 Qe7 15. a3 c5 16. dxc5 Nxc5 17. Bb4 Rfd8 18. Qg5 h6 19. Qe3 Nd5 20. Nxd5 Bxd5 21. Rac1 Nd7 22. Rxd5 Bxb4 23. axb4 Qxb4 24. Rdd1 Nf6 25. Rxd8+ Rxd8 26. Qc3 Qf8 27. Ne5 b4 28. Qc4 a5 29.
Nc6 Rd6 30. Nxa5 g6 31. Bf1 Rd5 32. Nb3 Kg7 33. Bg2 Rd8 34. h3 Qd6 35. Qc5 Qb8 36. Rc4 Rd1+ 37. Kh2 Qd8 38. Qxb4 Rb1 39. Qc3 Qd1 40.
g4 Qd6+ 41. f4 g5 42. e3 Rd1 43. Nd4 gxf4 44. Nf3 fxe3+ 45. Qe5 Qxe5+ 46. Nxe5 e2 47. Nf3 e1=Q 48. Nxe1 Rxe1 49. Rb4 Rb1 50. Rb7 h5 51. gxh5 Nxh5 52. b4 Rb2 53. Kg1 Nf4 54. Bf3 Nxh3+ 55. Kh1 Ng5 56. Bg2 Kf6 57. b5 e5 58.
b6 Ne6 59. Rb8 Nc5 60. b7 e4 61. Rc8 Nxb7 62. Bxe4 Nd6 63. Rc6 Ke5 64. Bg2 f5 65. Rc5+ Ke6 66. Bd5+ Kf6 67. Bg2 f4 68. Kg1 Nf5 69.
Rc6+ Kg5 70. Be4 Nd4 71. Rc5+ Kg4 72. Rc8 Ne2+ 73. Kf2 Ng3+ 74. Kg1 Nxe4 75. Rg8+ Kf3 76. Rf8 Nd2 77. Kh1 Nc4 78. Kg1 Ne3 79. Kh1 Ng4 0-1

[Event "*** SCC Grand Prix: Titled Tuesday Blitz"]
[Site "Chess.com"]
[Date "2020.08.25"]
[Round "1"]
[White "JoliyRoger"]
[Black "Artur0208"]
[Result "1-0"]
[WhiteElo "2379"]
[BlackElo "2686"]
[TimeControl "180+1"]
[EndTime "10:09:18 PDT"]
[Termination "JoliyRoger won by resignation"]

1. Nf3 d5 2. c4 d4 3. d3 c5 4. e3 Nc6 5. exd4 cxd4 6. g3 Nf6 7.
Bg2 e6 8. O-O Be7 9. a3 a5 10.
Bf4 O-O 11. Ne5 Bd7 12. Nxd7 Qxd7 13. Re1 Rfe8 14. Nd2 h6 15. Nf3 Bd6 16. Bd2 e5 17. Rb1 a4 18. Qc2 Re7 19. h3 Bc5 20. Nh2 Na5 21.
Bxa5 Rxa5 22. Nf3 Qd6 23. Nd2 b6 24. Re2 Qc7 25. Rbe1 Ra7 26. Nf3 Bd6 27. Nd2 Nd7 28. Ne4 Bc5 29. Qd1 Kh8 30. Kh2 Nf8 31. Nd2 Qd6 32. Ne4 Qc7 33. Nd2 f5 34. Nf3 Bd6 35. Kg1 Ng6 36. h4 Ra5 37. h5 Nf8 38. Nh4 Rf7 39.
Bh3 e4 40. dxe4 fxe4 41. Rxe4 Bxg3 42. fxg3 Qxg3+ 43. Bg2 Rg5 44. Qe2 d3 45. Qe3 Qxe3+ 46. R4xe3 Rxh5 47. Nf3 d2 48. Nxd2 Rg5 49. Nf3 Rc5 50.
Ne5 Rf4 51. Rf1 Rxf1+ 52. Bxf1 g5 53. Bd3 Kg7 54. Nf3 Kf6 55. Nd4 Re5 56. Rf3+ Ke7 57.
Nb5 Ne6 58. Kf2 Nf4 59. Bf1 Kf6 60. Nd4 Kg6 61. Ne2 Ne6 62. Ng3 Nc5 63. Bd3+ Nxd3+ 64. Rxd3 Re6 65. Rd5 h5 66. Kf3 g4+ 67. Kf4 h4 68.
Nf5 h3 69. Kxg4 h2 70. Ng3 Re3 71. Rg5+ Kf6 72. Rh5 Rd3 73. Rxh2 Rd4+ 74. Kf3 Rxc4 75.
Rh6+ Ke5 76. Rxb6 Kd5 77. Ne2 Rc2 78. Rb4 Kc5 79. Ke3 Kc6 80. Kd3 Rc5 81. Nd4+ Kc7 82.
Rc4 Kd6 83. Rxc5 Kxc5 84. Kc3 Kb6 85. Kb4 Ka6 86. Kxa4 1-0

[Event "*** SCC Grand Prix: Titled Tuesday Blitz"]
[Site "Chess.com"]
[Date "2020.08.25"]
[Round "1"]
[White "IMAghasiyevKamal"]
[Black "nrvisakh"]
[Result "1/2-1/2"]
[WhiteElo "2416"]
[BlackElo "2800"]
[TimeControl "180+1"]
[EndTime "10:09:20 PDT"]
[Termination "Game drawn - insufficient material"]

1. d4 Nf6 2. c4 g6 3. Nc3 d5 4.
cxd5 Nxd5 5. e4 Nxc3 6. bxc3 Bg7 7. Bc4 c5 8. Ne2 O-O 9. O-O Nc6 10. Be3 cxd4 11. cxd4 b6 12. Rc1 Bb7 13. Qd2 Rc8 14. Rfd1 Qd6 15. e5 Qb4 16. Bd5 Qxd2 17. Rxd2 Rfd8 18. Bf3 Na5 19. Rdc2 Rxc2 20. Rxc2 Bxe5 21. Bxb7 Nxb7 22. g3 Bd6 23. h4 f6 24. Kg2 Kf7 25. Kf3 Rd7 26. Rc8 h5 27. Bf4 Bxf4 28.
Nxf4 Nd6 29. Ra8 Nf5 30. d5 Nd4+ 31. Ke4 Nb5 32. Ne6 Nc3+ 33. Kf3 Rxd5 34. Nd8+ Kg7 35. Nc6 Rd7 36. Nxa7 Nxa2 37. Nc6 Nc3 38. Nd8 e5 39. Nc6 Nd5 40. Rb8 Rc7 41. Nd8 Rd7 42. Nc6 Rc7 43.
Nd8 Ra7 44. Ke4 Ne7 45. Ne6+ Kf7 46. Nd8+ Kg7 47. Ne6+ Kh7 48. Nf8+ Kh6 49. Ne6 Ra4+ 50. Kf3 g5 51. hxg5+ fxg5 52. Re8 g4+ 53. Kg2 Ng6 54. Nc7 Rc4 55. Nd5 b5 56. Ne3 Rc7 57. Rb8 h4 58.
Nxg4+ Kg5 59. Ne3 hxg3 60. Kxg3 Nf4 61. Rxb5 Re7 62. Rb8 Ne2+ 63. Kf3 Nf4 64. Rg8+ Kh5 65. Nf5 Rf7 66. Ke4 Ng6 67. Ng3+ Kg5 68. f3 Rf4+ 69. Ke3 Rf8 70. Ne4+ Kh6 71. Rxf8 Nxf8 72. f4 exf4+ 73. Kxf4 1/2-1/2

[Event "*** SCC Grand Prix: Titled Tuesday Blitz"]
[Site "Chess.com"]
[Date "2020.08.25"]
[Round "1"]
[White "bocah_sakit"]
[Black "Quiet_Desperation"]
[Result "1/2-1/2"]
[WhiteElo "2606"]
[BlackElo "2287"]
[TimeControl "180+1"]
[EndTime "10:09:23 PDT"]
[Termination "Game drawn - insufficient material"]

1. e4 e6 2. d4 d5 3. Nc3 Nf6 4. e5 Nfd7 5. f4 c5 6. Nf3 Nc6 7. Be3 Be7 8. Qd2 O-O 9. dxc5 Nxc5 10.
O-O-O Bd7 11. Kb1 a6 12. f5 Kh8 13. Qf2 b6 14. h4 Rc8 15. h5 exf5 16. Nxd5 Be6 17. Nc3 Qc7 18. h6 g6 19. Ng5 Na7 20.
Nd5 Bxd5 21. Rxd5 Qc6 22. Rd1 Nb5 23. c4 Nc7 24. Nf3 N7e6 25. Nd4 Qb7 26. Be2 f4 27.
Bxf4 Qe4+ 28. Ka1 Qxf4 29. Nf3 Ne4 30. Qe1 Ng3 31. Rh3 Nxe2 32. Qxe2 Rcd8 33. Rf1 Nd4 34. Qf2 Nxf3 35. Rxf3 Qxe5 36. a3 f5 37. g4 fxg4 38. Rf7 Rxf7 39. Qxf7 Bxa3 40. Rf2 g3 41. Re2 Bxb2+ 42. Rxb2 g2 43. Qg7+ Qxg7 44. hxg7+ Kxg7 45. Rxg2 h5 46. Rb2 h4 47. Rxb6 g5 48. c5 h3 49. Rb3 g4 50. Rg3 Rd4 51. c6 Rc4 52. c7 Kh6 53. Rxg4 Rxc7 54. Rh4+ Kg5 55.
Rxh3 Kf5 56. Ra3 Rc6 57. Kb2 Ke4 58. Kb3 Kd5 59. Kb4 Rb6+ 60. Ka5 Rc6 61. Rd3+ Ke6 62. Rd1 Ke5 63. Re1+ Kf5 64. Re2 Kf4 65. Re8 Rh6 66.
Re7 Kf5 67. Re8 Kg4 68. Kb4 Kg3 69. Rf8 Kg2 70. Kc4 Kg3 71. Kd3 Rh4 72. Ke3 Ra4 73. Rg8+ Kh2 74. Kf2 Ra2+ 75. Kf3 Ra3+ 76. Kf2 Ra2+ 77.
Kf1 Ra1+ 78. Ke2 Ra2+ 79. Ke3 Ra3+ 80. Kd4 Ra4+ 81. Kc3 Rf4 82. Kd2 a5 83. Rg5 a4 84.
Ke3 Rb4 85. Kf3 Rb3+ 86. Kf2 Rb2+ 87. Kf1 Rb1+ 88. Kf2 Rb2+ 89. Kf3 Rb3+ 90. Kf4 Rb4+ 91. Ke3 Rb3+ 92. Kd2 a3 93. Ra5 Rg3 94. Kc2 Kg2 95.
Kb1 Rf3 96. Ka2 Kf1 97. Rxa3 Rxa3+ 98. Kxa3 1/2-1/2

[Event "*** SCC Grand Prix: Titled Tuesday Blitz"]
[Site "Chess.com"]
[Date "2020.08.25"]
[Round "1"]
[White "biostatistician"]
[Black "Ze-Pequeno"]
[Result "1/2-1/2"]
[WhiteElo "2494"]
[BlackElo "2122"]
[TimeControl "180+1"]
[EndTime "10:09:27 PDT"]
[Termination "Game drawn - insufficient material"]

1. d4 Nf6 2. Nf3 g6 3. c4 Bg7 4.
Nc3 d5 5. cxd5 Nxd5 6. e4 Nxc3 7. bxc3 c5 8. Be3 O-O 9. Be2 cxd4 10. cxd4 Nc6 11.
O-O Bg4 12. d5 Bxf3 13. Bxf3 Ne5 14. Be2 Qa5 15. Qb3 Rab8 16. Rac1 b5 17. Bc5 Rfe8 18. Rc2 a6 19. Rfc1 Bh6 20. Be3 Bxe3 21. Qxe3 Nc4 22. Bxc4 bxc4 23. Rxc4 Qxa2 24. h4 Rb1 25. Rxb1 Qxb1+ 26.
Rc1 Qb2 27. h5 a5 28. Rc7 Qe5 29. Ra7 Qxh5 30. Rxa5 Qd1+ 31. Kh2 Qh5+ 32. Kg3 Qe5+ 33. f4 Qb2 34. Qa3 Qe2 35. Ra4 h5 36. Qf3 Qe1+ 37.
Kh2 Qh4+ 38. Kg1 Qe1+ 39. Qf1 Qd2 40. e5 Qxd5 41. Ra1 Rb8 42. Rd1 Qc5+ 43. Qf2 Qc3 44. Qd4 Qxd4+ 45. Rxd4 Rb2 46. Kh2 Kg7 47. Kg3 e6 48.
Rd7 Rb3+ 49. Kf2 Rb4 50. Kf3 Rb5 51. Rc7 Rb2 52. g3 Rb3+ 53. Kf2 g5 54. Rd7 Kg6 55. Ra7 g4 56. Rc7 Rb2+ 57. Kg1 Rb4 58. Kg2 Rd4 59. Kg1 Rd2 60. Kf1 Ra2 61. Kg1 Ra4 62. Kf2 Ra3 63. Rd7 Ra2+ 64. Kg1 f6 65. exf6 Kxf6 66. Rh7 Kg6 67. Re7 Ra6 68. Kf2 Kf6 69. Rh7 Ra5 70. Ke3 Ra3+ 71. Ke4 Rxg3 72. Rxh5 Rg1 73. Rh6+ Ke7 74.
Rg6 Kf7 75. Rg5 Kf6 76. Ke3 Rg3+ 77. Ke4 Rg2 78. Ke3 Rg1 79. Ke4 g3 80. Kf3 g2 81.
Rxg2 Rxg2 82. Kxg2 Kf5 83. Kf3 e5 84. fxe5 Kxe5 1/2-1/2

[Event "*** SCC Grand Prix: Titled Tuesday Blitz"]
[Site "Chess.com"]
[Date "2020.08.25"]
[Round "1"]
[White "WIDBIFS"]
[Black "DishonorOnYourCow"]
[Result "1-0"]
[WhiteElo "2674"]
[BlackElo "2342"]
[TimeControl "180+1"]
[EndTime "10:09:34 PDT"]
[Termination "WIDBIFS won by resignation"]

1. d4 Nf6 2. Nf3 g6 3. g3 Bg7 4. Bg2 O-O 5. O-O d5 6. c4 dxc4 7. Na3 c3 8. bxc3 c5 9. e3 Nc6 10. Bb2 Bf5 11. Nd2 cxd4 12. cxd4 Bd3 13. Re1 Ba6 14. Qa4 Rc8 15. Rec1 Qd6 16. Ndc4 Bxc4 17. Nxc4 Qe6 18. Qb3 b6 19. Nxb6 Qxb3 20. axb3 axb6 21.
Bxc6 Ng4 22. Bf3 h5 23. h4 Rfe8 24. Ba3 e5 25. d5 e4 26. Bxg4 hxg4 27. Rab1 Be5 28.
Rc6 Rxc6 29. dxc6 Rc8 30. Rc1 f5 31. b4 Bd6 32. Bb2 Bxb4 33. Bd4 Ba5 34. Be5 Kf7 35.
c7 Ke6 36. Bf4 Kd7 37. Rd1+ Ke7 38. Rd5 b5 39. Rxb5 Bxc7 40. Rb7 Kd8 41. h5 gxh5 42. Bg5+ Ke8 43. Rb5 Bd6 44. Rxf5 Rc1+ 45. Kg2 Bb4 46. Re5+ Kf7 47. Rxe4 Be1 48. Rf4+ Kg6 49. Bh4 Rc2 50. Rf6+ Kg7 51. Rf5 Ra2 52. e4 Kg6 53. Be7 Re2 54. Rf4 Bd2 55. Rf6+ Kg7 56. Rf5 Rxe4 57. Bc5 Kg6 58.
Rd5 Re2 59. Kf1 Re1+ 60. Kg2 Ba5 61. Be3 Ra1 62. Rg5+ Kf6 63. Rxh5 Bc3 64. Rg5 Ra4 65. Rd5 Be5 66. Rb5 Ra2 67. Rb6+ Kf5 68. Rh6 Rb2 69.
Rh5+ Ke6 70. Rg5 Rb4 71. Rg8 Kf6 72. Rf8+ Kg7 73. Re8 Kf6 74. Rc8 Ra4 75. Rc2 Kf5 76. Kf1 Rb4 77. Ke2 Ra4 78. Rd2 Rb4 79. Rd5 Rb2+ 80.
Kf1 Rb1+ 81. Kg2 Ke6 82. Ra5 Rb2 83. Ra4 Rc2 84. Rxg4 Kf5 85. Kf3 Bd6 86. Rh4 Be5 87.
Rh5+ Ke6 88. g4 Rc4 89. Rf5 Ra4 90. Rh5 Rc4 91. Rh6+ Kf7 92. g5 Rb4 93. Rb6 Bg7 94. Rxb4 1-0

[Event "*** SCC Grand Prix: Titled Tuesday Blitz"]
[Site "Chess.com"]
[Date "2020.08.25"]
[Round "1"]
[White "Thee-Chessboy"]
[Black "Ashedu66"]
[Result "1-0"]
[WhiteElo "2526"]
[BlackElo "2195"]
[TimeControl "180+1"]
[EndTime "10:09:52 PDT"]
[Termination "Thee-Chessboy won by checkmate"]

1. d4 d5 2. c4 c6 3. Nf3 Nf6 4. Qc2 e6 5. g3 Nbd7 6. Bg2 Be7 7. O-O O-O 8. Nbd2 b6 9. e4 a5 10. e5 Ne8 11. Re1 Ba6 12. cxd5 cxd5 13. Bf1 Rc8 14.
Qd1 Bxf1 15. Nxf1 Qc7 16. h4 Qc2 17. Qxc2 Rxc2 18. Ne3 Rc8 19. Bd2 Nc7 20. Rac1 Na6 21. a3 a4 22. Ng4 h6 23. Ne3 b5 24. Ba5 b4 25. axb4 Nxb4 26. Ra1 Nd3 27. Re2 Ra8 28. Rxa4 Rfb8 29. b4 Nxb4 30. Bxb4 Bxb4 31. Rea2 Rxa4 32. Rxa4 Bf8 33. Ra7 Nb6 34. Rc7 Rc8 35. Rb7 Nc4 36. Ng4 Ra8 37. Kg2 Rc8 38. Ne1 Nd2 39.
Nd3 Ne4 40. h5 Ra8 41. Nf4 Ra2 42.
Rb8 Ra6 43. Ne3 Ra2 44. Nd3 Rd2 45. Rb4 Rxd3 46. Rb8 Rd2 47. Ng4 Rc2 48. Kf3 g5 49. hxg6 fxg6 50. Nxh6+ Kg7 51. Ng4 Be7 52. Rb7 Kf8 53. Ke3 Rc3+ 54. Ke2 Ra3 55. f3 Ra2+ 56. Ke3 Ra3+ 57. Ke2 Ra2+ 58. Kf1 Ng5 59. f4 Ne4 60.
Rb8+ Kf7 61. Rb7 Kf8 62. Nh6 Nxg3+ 63. Ke1 Nf5 64. Rb8+ Kg7 65. Ng4 Nxd4 66. Rb7 Kf8 67. Ne3 Ra1+ 68. Kd2 Ra2+ 69. Kc1 Ra1+ 70. Kb2 Re1 71.
Ng4 Bh4 72. Rb8+ Ke7 73. Rb7+ Kd8 74. Nh6 Kc8 75. Rh7 Re2+ 76. Kc3 Bf2 77. Rh8+ Kb7 78. Ng4 Kb6 79. Nxf2 Rxf2 80. Kxd4 Rf3 81. Rf8 Rf2 82.
Rf6 Kc7 83. Rxe6 Rxf4+ 84. Kxd5 Rf1 85. Rxg6 Kd7 86. Rg7+ Ke8 87. Ke6 Re1 88. Rg8# 1-0

[Event "*** SCC Grand Prix: Titled Tuesday Blitz"]
[Site "Chess.com"]
[Date "2020.08.25"]
[Round "1"]
[White "Miss_JJ20"]
[Black "MarcoRiehle"]
[Result "1/2-1/2"]
[WhiteElo "2393"]
[BlackElo "2723"]
[TimeControl "180+1"]
[EndTime "10:10:29 PDT"]
[Termination "Game drawn by agreement"]

1. d4 d5 2. c4 e6 3. Nf3 Nf6 4. g3 dxc4 5. Bg2 Bb4+ 6. Bd2 a5 7. O-O O-O 8. Nc3 c5 9. dxc5 Bxc5 10. Ne5 Nbd7 11.
Nxc4 Rb8 12. Nb5 b6 13. Bf4 Ba6 14. a4 Rc8 15. b3 Nb8 16. Na7 Qxd1 17. Rfxd1 Rcd8 18. e3 h6 19. h4 Rd7 20. Nc6 Nxc6 21. Bxc6 Rdd8 22. Bf3 Kh7 23. Bc7 Rxd1+ 24. Rxd1 Rc8 25.
Bf4 Kg8 26. Kg2 Kf8 27. e4 Bxc4 28. bxc4 Ke7 29. e5 Nd7 30. Be4 Rc7 31. g4 Bb4 32.
Rc1 Nc5 33. Bc2 Rd7 34. Be3 Bd2 35. Bxc5+ bxc5 36. Rd1 Rd4 37. f3 Kd7 38. Be4 Kc7 39. Kf1 Bf4 40. Rxd4 cxd4 41. Ke2 Kb6 42. Kd3 Kc5 43. Bh7 Bxe5 44. Bg8 Bg3 45. Bxf7 e5 46. Be8 Bxh4 47. Bd7 Bg3 48. Be8 Bh4 49. Bd7 Bd8 50.
Be8 Bc7 51. Bd7 Kd6 52. Be8 Ke6 53. Bb5 Kf6 54. Ke4 g6 55. Be8 h5 56. gxh5 gxh5 57. Bxh5 Ke6 58. Be8 Kd6 59. Bb5 Kc5 60. Kd3 Kb4 61.
Be8 Bd6 62. Bd7 Kb3 63. Be8 Kb2 64. Bd7 Bc7 65. Be8 Kc1 66. Bd7 Kd1 67. Bc6 Ke1 68. Bd5 Kf2 69. Be4 Kg3 70. Bd5 Kf4 71. Be4 Bd6 72. Bd5 Kf5 73. Be4+ Ke6 74. Bd5+ Kd7 75. Be4 Kc7 76. Bg6 Kb6 77. Be8 Kc7 78. Bb5 Kd8 79. Bc6 Ke7 80. Bd5 Kf6 81. Be4 Kg5 82.
Bd5 Kf4 83. Be4 Kg3 84. Bd5 Bc7 85. Be4 Kf2 86. Bd5 Ke1 87. Be4 Kd1 88. Bc6 Kc1 89.
Be8 Kb2 90. Bb5 Kb3 91. c5 Kb4 92. c6 Kc5 93. Ke4 Bb8 94. Kd3 Kd5 95. Bc4+ Kxc6 96.
Bb5+ Kc5 97. Be8 Kd5 98. Bb5 Bd6 99. Be8 Ke6 100. Bb5 Kf5 101. Bc6 Kf4 102. Be4 Bc7 103. Ba8 Bb8 104. Be4 Kg3 105. Ba8 Kf2 106. Be4 Ke1 107. Ba8 Kd1 108. Be4 Kc1 109. Bc6 Kb2 110. Be8 Kb3 111. Bc6 Kb4 112. Bb5 Bd6 113. Be8 Kc5 114. Bd7 Bc7 115. Bb5 Kd6 116. Be8 Bb8 117. Bb5 Ke6 118. Be8 Kf6 119. Bc6 Bc7 120. Be4 Ke7 121. Bc6 1/2-1/2

[Event "*** SCC Grand Prix: Titled Tuesday Blitz"]
[Site "Chess.com"]
[Date "2020.08.25"]
[Round "1"]
[White "suyu28"]
[Black "Savva09022009"]
[Result "1/2-1/2"]
[WhiteElo "2641"]
[BlackElo "2317"]
[TimeControl "180+1"]
[EndTime "10:11:51 PDT"]
[Termination "Game drawn by agreement"]

1. d4 Nf6 2. c4 e6 3. Nf3 d5 4. Nc3 dxc4 5. e3 c5 6. Bxc4 Nc6 7. O-O Be7 8. b3 O-O 9. Bb2 b6 10. dxc5 Bxc5 11. a3 Bb7 12. b4 Be7 13. Qb3 a6 14.
Rfd1 Qc7 15. Rac1 b5 16. Bf1 Qb6 17. Ne2 Rfd8 18. Ned4 Rac8 19. Qa2 Qa7 20. Qa1 Nxd4 21. Nxd4 Qa8 22. f3 Rxc1 23. Rxc1 Rc8 24. Nb3 Rxc1 25.
Qxc1 Qc8 26. Qd2 h6 27. Na5 Ba8 28. Bd4 Nd5 29. e4 Nf6 30. Nb3 Nd7 31. Qc3 Qxc3 32. Bxc3 Nb6 33. Nc5 Bxc5+ 34. bxc5 Na4 35. Bd4 f6 36.
Kf2 e5 37. Be3 Kf7 38. g3 Ke6 39. Bh3+ Ke7 40. Ke1 Bc6 41. Kd2 Bd7 42. Bf1 Kd8 43.
Bd3 Kc7 44. Bc2 Nb2 45. Bb3 Nc4+ 46. Bxc4 bxc4 47. Kc3 Bb5 48. Kb4 Bd7 49. Kxc4 Kc6 50. Kb4 Be6 51. Bc1 h5 52. f4 exf4 53. gxf4 f5 54. e5 g6 55. Be3 Bd5 56. Kc3 Kb5 57. Kd4 Be6 58. Kc3 Kc6 59. Kb4 Bd5 60. Ka5 Bc4 61. Bd4 h4 62. Bf2 h3 63. Kb4 Be6 64. Kc3 Kb5 65. Be3 Kc6 66. Kb4 Bd5 67. a4 Be6 68. Ka3 Bc4 69. Kb4 Be6 70. Bf2 Bd5 71. Bh4 Be6 72. Bd8 Bd5 73. Kc3 Kxc5 74. a5 Be6 75.
Kd2 Kd4 76. Ke2 Ke4 77. Bg5 Bc4+ 78. Kf2 Be6 79. Kg3 Bc4 80. Kxh3 Bf7 81. Kh4 Kd5 82. Bf6 Ke6 83. Kg5 Be8 84. Kh6 Kf7 85. Bg5 Bd7 86. Kh7 Be6 87. Bh6 Bd7 88. Bg7 Be6 89. Kh6 Bd7 90. Bh8 Be6 91. Kg5 Bd7 92. Kh4 Be6 93. Kg3 Ke7 94. Kf2 Kd7 95. Bf6 Kc6 96. Kg3 Kd7 97. Kh4 Ke8 98. Kg5 Kf7 99. Bd8 Bd7 100. Bb6 Be6 101. Bd4 Bd7 102. Bc5 Be6 103. Kh4 Bd7 104.
Kg3 Be6 105. Kf3 Ke8 106. Ke3 Kd7 107. Kd4 Kc6 108. Be7 Kb5 109. Bd8 Kc6 110. Bb6 Kb5 111. Kc3 Kc6 112. Kd2 Kd7 113. Ke3 Kc6 114. Kf2 Kd7 115. h4 Ke7 116. Kg3 Kd7 117. h5 gxh5 118. Kh4 Ke7 119. Kxh5 Kf7 120. Kh6 Bd7 121. Bd8 Be6 122. Bg5 Bd7 123. Bf6 Be6 124. Kg5 Bd7 125. Kh4 Be6 126. Kg3 Ke8 127. Kf3 Kd7 128. Ke3 Kc6 129. Kd4 Kb5 130. Be7 Kc6 131. Ba3 Kb5 132. Bb2 Kc6 133. Ke3 Kd7 134. Bc1 Kc6 135. Bd2 Kd5 136. Kf3 Kc6 137. Kg3 Kd7 138. Bb4 Ke8 139.
Kf2 Kd7 140. Kg2 Kc6 141. Kg3 Kd7 142. Kh4 Ke8 143. Kg5 Kf7 144. Kh6 Bd7 145. Bd6 Be6 146. Kh7 Bd7 1/2-1/2

[Event "*** SCC Grand Prix: Titled Tuesday Blitz"]
[Site "Chess.com"]
[Date "2020.08.25"]
[Round "2"]
[White "Colombiano07"]
[Black "abykhovsky"]
[Result "0-1"]
[WhiteElo "2326"]
[BlackElo "2765"]
[TimeControl "180+1"]
[EndTime "10:13:21 PDT"]
[Termination "abykhovsky won by resignation"]

1. d4 Nf6 2. Bf4 g6 3. Nf3 Bg7 4. e3 O-O 5. Be2 d6 6. O-O Nfd7 7. c3 e5 8. Bg3 Nc6 9. a4 f5 10. dxe5 Ndxe5 11. a5 g5 12. a6 f4 13. exf4 gxf4 14. Qd5+ Kh8 15. Bh4 Nxf3+ 16. Bxf3 Qxh4 0-1

[Event "*** SCC Grand Prix: Titled Tuesday Blitz"]
[Site "Chess.com"]
[Date "2020.08.25"]
[Round "2"]
[White "olksuna"]
[Black "fish7728"]
[Result "1-0"]
[WhiteElo "2613"]
[BlackElo "2186"]
[TimeControl "180+1"]
[EndTime "10:13:46 PDT"]
[Termination "olksuna won by resignation"]

1. Nf3 Nf6 2. g3 d5 3. Bg2 c6 4. O-O Bf5 5. c4 h6 6. cxd5 cxd5 7. Qb3 Qc8 8. d3 Nc6 9. Bf4 e6 10. Rc1 Qd7 11. Ne5 Nxe5 12. Bxe5 Be7 13. Rc7 Qd8 14. Qxb7 Rb8 15. Rxe7+ 1-0

[Event "*** SCC Grand Prix: Titled Tuesday Blitz"]
[Site "Chess.com"]
[Date "2020.08.25"]
[Round "2"]
[White "Azatic"]
[Black "semchik73"]
[Result "1-0"]
[WhiteElo "2588"]
[BlackElo "2284"]
[TimeControl "180+1"]
[EndTime "10:14:01 PDT"]
[Termination "Azatic won by resignation"]

1. e4 Nf6 2. e5 Nd5 3. Nf3 d6 4. d4 Bg4 5. Be2 c6 6. h3 Bxf3 7. Bxf3 dxe5 8. dxe5 e6 9. O-O Nd7 10. Qe2 Qc7 11. Re1 Ne7 12. Bf4 Ng6 13. Bg3 O-O-O 14. Nc3 Bc5 15. Ne4 Bd4 16. Nd6+ Kb8 17. Nxf7 Ndxe5 18. Nxe5 1-0

[Event "*** SCC Grand Prix: Titled Tuesday Blitz"]
[Site "Chess.com"]
[Date "2020.08.25"]
[Round "2"]
[White "FearNoEvil12"]
[Black "Meri-Arabidze"]
[Result "0-1"]
[WhiteElo "1969"]
[BlackElo "2603"]
[TimeControl "180+1"]
[EndTime "10:14:02 PDT"]
[Termination "Meri-Arabidze won by resignation"]

1. e4 c5 2. Nc3 Nc6 3. f4 e6 4. Nf3 a6 5. a4 d5 6. d3 f5 7. exf5 exf5 8. g3 Nf6 9. Bg2 Be7 10. O-O d4 11. Nb1 O-O 12. h3 Rb8 13. Nbd2 b5 14. axb5 axb5 15. b3 Nd5 16. Nb1 Bf6 17. Bd2 Re8 18.
Kh2 Ne3 19. Bxe3 dxe3 0-1

[Event "*** SCC Grand Prix: Titled Tuesday Blitz"]
[Site "Chess.com"]
[Date "2020.08.25"]
[Round "2"]
[White "Slovak_fighter2000"]
[Black "rugbyclub"]
[Result "1-0"]
[WhiteElo "2420"]
[BlackElo "2174"]
[TimeControl "180+1"]
[EndTime "10:14:05 PDT"]
[Termination "Slovak_fighter2000 won by resignation"]

1. d4 Nf6 2. c4 e6 3. Nf3 d5 4.
Nc3 Bb4 5. g3 dxc4 6. Bg2 b5 7.
Ne5 Nd5 8. O-O Bxc3 9. bxc3 Nxc3 10. Qd2 Nd5 11. e4 Nf6 12. a4 c6 13. Ba3 Bb7 14.
Rab1 a6 15. Nxc4 Nbd7 16. Nd6+ 1-0

[Event "*** SCC Grand Prix: Titled Tuesday Blitz"]
[Site "Chess.com"]
[Date "2020.08.25"]
[Round "2"]
[White "Th3_Hound"]
[Black "alfiefischer77"]
[Result "1-0"]
[WhiteElo "2634"]
[BlackElo "2289"]
[TimeControl "180+1"]
[EndTime "10:14:08 PDT"]
[Termination "Th3_Hound won by resignation"]

1. e4 c5 2. Nf3 e6 3. d4 cxd4 4.
Nxd4 a6 5. c4 Nf6 6. Nc3 Bb4 7.
Qd3 Qc7 8. f3 O-O 9. Be2 d5 10.
cxd5 exd5 11. O-O dxe4 12. Nxe4 Nxe4 13. Qxe4 Nc6 14. Bd3 g6 15. Nxc6 bxc6 16. Qxb4 1-0

[Event "*** SCC Grand Prix: Titled Tuesday Blitz"]
[Site "Chess.com"]
[Date "2020.08.25"]
[Round "2"]
[White "remi04"]
[Black "Quiet_Desperation"]
[Result "1-0"]
[WhiteElo "2586"]
[BlackElo "2285"]
[TimeControl "180+1"]
[EndTime "10:14:34 PDT"]
[Termination "remi04 won by resignation"]

1. e4 e6 2. d4 d5 3. Bd3 Nf6 4. e5 Nfd7 5. Ne2 c5 6. c3 Nc6 7. O-O Be7 8. Nd2 f6 9. Nf4 Nb6 10. Qh5+ Kd7 11. exf6 Bxf6 12. dxc5 Nc4 13. Nxc4 dxc4 14.
Bxc4 Kc7 15. Bxe6 Ne5 16. Nd5+ Kb8 17. Bf4 1-0

[Event "*** SCC Grand Prix: Titled Tuesday Blitz"]
[Site "Chess.com"]
[Date "2020.08.25"]
[Round "2"]
[White "MYMChessAcademy"]
[Black "Chessbard1972"]
[Result "0-1"]
[WhiteElo "2123"]
[BlackElo "2405"]
[TimeControl "180+1"]
[EndTime "10:14:36 PDT"]
[Termination "Chessbard1972 won by resignation"]

1. e4 c5 2. Nf3 a6 3. d4 cxd4 4.
Nxd4 e6 5. Nc3 Nc6 6. Be2 Qc7 7. Be3 Nf6 8. Qd2 Bb4 9. f3 d5 10. Nxc6 bxc6 11. exd5 Nxd5 12. a3 Nxe3 13. Qxe3 Qa5 14. O-O Bc5 0-1